Map: Ephemeron LE

Players

Armani - Winner!

  • Race: Zerg Zerg
  • Spawn Location: 11:00

Impact

  • Race: Zerg Zerg
  • Spawn Location: 5:00

Event: IEM Katowice 2020

VOD

Have the link to the VOD?

Description

Time

  • Played on: Feb. 24, 2020, 11:43 a.m.
  • Length: 17:37

All games in this series

Show
View Real Time Build Order
Export as new Build Order

Armani Zerg - Winner!

Build Orders: Hatch First, Lurkers 

Get SALT Encoding   

  12  0:00  Drone  
  13  0:12  Overlord  
  13  0:18  Drone  
  14  0:31  Drone x2  
  16  0:49  Hatchery  
  15  0:52  Drone  
  17  0:57  Drone  
  17  1:01  Drone  
  18  1:11  Extractor  
  18  1:15  Spawning Pool  
  18  1:17  Drone  
  17  1:21  Drone  
  18  1:28  Drone  
  19  1:40  Drone  
  20  1:48  Overlord  
  20  2:01  Drone x2  
  20  2:02  Queen x2  
  26  2:11  Metabolic Boost  
  26  2:14  Drone x2  
  28  2:23  Drone  
  28  2:27  Zergling x2  
  30  2:34  Hatchery  
  29  2:38  Drone  
  29  2:39  Drone  
  31  2:47  Queen  
  31  2:49  Drone  
  34  2:55  Overlord  
  34  3:03  Baneling Nest  
  33  3:07  Drone x2  
  33  3:08  Drone  
  36  3:19  Drone x3  
  39  3:21  Overlord  
  39  3:22  Zergling x4  
  39  3:25  Drone  
  42  3:28  Drone  
  42  3:29  Drone  
  44  3:39  Zergling x2  
  44  3:40  Evolution Chamber  
  44  3:52  Zergling x12  
  50  3:56  Overlord  
  50  3:58  Drone x3  
  50  4:02  Drone  
  54  4:03  Drone  
  54  4:05  Zerg Missile Weapons Level 1  
  55  4:10  Roach Warren  
  55  4:12  Drone  
  55  4:15  Lair  
  55  4:17  Extractor  
  55  4:18  Extractor  
  55  4:19  Drone x3  
  55  4:21  Drone  
  55  4:23  Drone  
  58  4:24  Drone  
  58  4:27  Drone x2  
  58  4:30  Overlord  
  61  4:34  Drone  
  61  4:35  Drone x2  
  64  4:39  Overlord  
  59  4:53  Roach x7  
  70  5:01  Zergling x10  
  70  5:02  Zergling x2  
  70  5:06  Queen  
  78  5:09  Queen  
  78  5:13  Queen  
  81  5:16  Ravager  
  81  5:24  Drone  
  81  5:25  Drone  
  81  5:27  Infestation Pit  
  81  5:28  Spore Crawler, Drone  
  81  5:29  Drone  
  81  5:31  Overseer, Overlord  
  81  5:35  Spore Crawler, Overseer  
  80  5:39  Drone  
  80  5:41  Spore Crawler  
  80  5:42  Drone  
  81  5:48  Overlord  
  81  5:49  Queen, Overlord  
  79  5:58  Drone x5  
  79  6:04  Spore Crawler x2  
  81  6:07  Zerg Missile Weapons Level 2  
  81  6:15  Roach x4  
  89  6:19  Extractor  
  89  6:22  Drone, Pathogen Glands  
  89  6:23  Spore Crawler, Drone  
  89  6:26  Spore Crawler  
  89  6:28  Drone x2  
  89  6:31  Extractor  
  89  6:33  Spore Crawler, Drone  
  89  6:34  Drone  
  89  6:35  Drone  
  89  6:36  Drone  
  89  6:37  Drone  
  93  6:40  Overlord  
  93  6:41  Drone  
  93  6:43  Drone  
  93  6:45  Overlord  
  95  6:48  Overlord  
  95  6:54  Extractor  
  94  6:58  Queen x2  
  98  7:04  Drone  
  98  7:05  Spore Crawler  
  98  7:07  Infestor x3  
  104  7:12  Roach x3  
  104  7:15  Drone  
  111  7:19  Overlord  
  111  7:20  Spore Crawler, Baneling x2  
  110  7:22  Overlord  
  110  7:27  Overlord  
  110  7:29  Overlord  
  110  7:30  Overlord  
  110  7:41  Infestor x2  
  114  7:45  Drone  
  114  7:46  Hydralisk Den, Drone x5  
  114  7:47  Drone  
  114  7:49  Drone  
  121  7:57  Drone  
  121  7:58  Drone x2  
  123  8:03  Spore Crawler, Infestor x2  
  123  8:05  Drone x2  
  127  8:06  Overlord  
  127  8:07  Drone  
  127  8:09  Extractor  
  126  8:13  Extractor  
  124  8:35  Drone  
  124  8:38  Spore Crawler  
  124  8:39  Spore Crawler  
  124  8:40  Hydralisk x6  
  135  8:42  Overlord x2  
  135  8:46  Drone  
  136  8:49  Spore Crawler  
  115  8:58  Drone x8  
  114  9:06  Roach x2  
  114  9:11  Drone  
  114  9:12  Hydralisk Den  
  114  9:13  Drone  
  114  9:16  Drone x3  
  116  9:20  Spore Crawler  
  113  9:25  Drone x3  
  113  9:29  Drone  
  117  9:36  Drone x4  
  104  9:47  Grooved Spines  
  104  9:48  Drone  
  104  9:52  Drone x2  
  106  9:53  Drone x2  
  106  9:57  Drone x2  
  110  10:00  Lurker Den  
  106  10:08  Spore Crawler, Roach x2  
  106  10:09  Spore Crawler  
  108  10:17  Hydralisk x2  
  112  10:22  Glial Reconstitution  
  112  10:24  Drone x2  
  112  10:27  Spore Crawler  
  113  10:29  Drone  
  114  10:36  Hydralisk x3  
  114  10:38  Drone  
  121  10:44  Queen  
  123  10:51  Spore Crawler, Drone  
  123  10:52  Drone  
  123  10:54  Spore Crawler  
  123  10:56  Zerg Ground Armor Level 1  
  123  11:00  Lurker x2  
  123  11:02  Lurker  
  126  11:05  Drone x2  
  128  11:25  Hydralisk x6  
  122  11:29  Drone x2  
  122  11:30  Drone  
  130  11:34  Drone  
  130  11:38  Drone  
  114  11:40  Drone  
  114  11:42  Drone  
  114  11:45  Drone x2  
  118  11:50  Drone x2  
  120  11:56  Hydralisk  
  120  12:00  Lurker x2  
  120  12:01  Lurker  
  125  12:02  Drone  
  125  12:04  Drone  
  125  12:05  Drone  
  128  12:10  Drone x2  
  128  12:11  Drone  
  128  12:14  Drone  
  132  12:16  Drone  
  132  12:22  Extractor  
  130  12:23  Roach x4  
  130  12:24  Spore Crawler  
  130  12:27  Drone  
  130  12:28  Drone x3  
  133  12:36  Ravager x4  
  132  12:40  Drone x5  
  133  12:44  Hive  
  133  12:51  Overseer  
  133  12:53  Spore Crawler  
  133  12:54  Spore Crawler  
  133  12:57  Hydralisk x2  
  135  13:00  Spore Crawler  
  135  13:05  Pneumatized Carapace  
  133  13:06  Extractor, Hydralisk  
  133  13:12  Zerg Ground Armor Level 2  
  134  13:15  Muscular Augments  
  127  13:27  Drone x2  
  127  13:31  Spore Crawler  
  127  13:33  Hydralisk x3  
  129  13:35  Spore Crawler  
  129  13:38  Drone  
  129  13:39  Drone  
  134  13:49  Hydralisk  
  134  13:50  Hydralisk x3  
  142  13:56  Seismic Spines  
  142  14:01  Viper  
  145  14:06  Overseer  
  145  14:09  Hydralisk x2  
  147  14:11  Drone  
  150  14:23  Drone  
  147  14:26  Nydus Network  
  147  14:28  Drone  
  147  14:30  Overlord x5  
  147  14:38  Hydralisk x2  
  144  14:48  Lurker x2  
  144  14:49  Lurker  
  144  15:08  Nydus Canal  
  144  15:12  Hydralisk  
  144  15:13  Hydralisk x6  
  156  15:18  Roach x4  
  156  15:20  Roach  
  166  15:24  Roach x2  
  172  15:35  Roach  
  172  15:36  Roach x4  
  175  15:44  Roach  
  175  15:46  Roach  
  175  15:49  Roach  
  162  15:57  Overlord  
  142  16:08  Roach  
  142  16:10  Overlord  
  129  16:12  Nydus Canal  
  129  16:18  Roach x4  
  137  16:22  Overseer x3  
  137  16:28  Nydus Canal  
  126  16:40  Roach  
  126  16:43  Roach  
  126  16:44  Roach x5  
  122  16:48  Roach  
  122  16:51  Roach  
  122  16:52  Lurker x2  
  126  16:57  Roach x2  
  132  17:01  Roach  
  132  17:05  Roach  
  136  17:08  Roach  
  136  17:12  Roach  
  138  17:16  Roach  
  135  17:26  Nydus Canal  
Show
View Real Time Build Order
Export as new Build Order

Impact Zerg 

Build Orders: Hatch First, Lurkers 

Get SALT Encoding   

  12  0:00  Drone  
  13  0:12  Overlord  
  13  0:17  Drone  
  14  0:30  Drone  
  14  0:31  Drone  
  16  0:48  Hatchery  
  15  0:53  Drone  
  15  0:56  Drone  
  17  1:00  Drone  
  18  1:09  Extractor  
  17  1:15  Spawning Pool  
  17  1:18  Drone  
  17  1:22  Drone  
  18  1:28  Drone  
  19  1:39  Drone  
  20  1:50  Drone  
  21  2:01  Zergling x2, Queen x2  
  21  2:02  Overlord  
  26  2:13  Drone x2  
  28  2:25  Drone  
  28  2:26  Drone  
  30  2:32  Drone  
  31  2:37  Queen  
  31  2:39  Lair  
  31  2:40  Overlord  
  33  2:44  Drone  
  33  2:45  Drone  
  35  2:54  Drone  
  36  3:08  Drone  
  36  3:09  Drone x3  
  36  3:10  Extractor, Drone x4  
  36  3:12  Extractor, Overlord  
  42  3:22  Roach Warren, Evolution Chamber  
  42  3:24  Drone x2  
  42  3:31  Drone  
  43  3:41  Spire  
  42  3:42  Drone  
  42  3:43  Drone x2  
  42  3:47  Metabolic Boost  
  45  3:53  Drone x2  
  45  3:55  Evolution Chamber  
  45  3:59  Extractor  
  45  4:01  Zerg Melee Weapons Level 1  
  45  4:02  Drone x2  
  46  4:03  Drone  
  46  4:07  Drone  
  48  4:10  Overlord  
  48  4:15  Overlord  
  48  4:18  Drone  
  48  4:21  Drone x3  
  52  4:29  Zergling x8  
  52  4:30  Zergling x2  
  57  4:34  Zergling x2  
  57  4:37  Zergling x2  
  59  4:40  Glial Reconstitution  
  60  4:45  Zergling x2  
  58  4:54  Mutalisk  
  58  4:55  Mutalisk  
  58  4:58  Mutalisk  
  64  5:01  Mutalisk  
  64  5:04  Mutalisk  
  64  5:06  Hatchery  
  67  5:09  Zerg Flyer Weapons Level 1  
  67  5:12  Overlord  
  67  5:20  Mutalisk  
  67  5:22  Zergling x2  
  67  5:26  Queen  
  68  5:31  Mutalisk  
  68  5:33  Zergling x8  
  72  5:36  Zergling x4  
  74  5:43  Overlord x2  
  74  5:48  Zergling x2  
  75  5:53  Mutalisk  
  75  5:55  Zergling x2  
  75  5:59  Overlord x2  
  75  6:00  Zerg Melee Weapons Level 2  
  75  6:05  Mutalisk  
  75  6:08  Zergling x4  
  79  6:13  Mutalisk  
  79  6:16  Drone x3  
  84  6:19  Drone  
  84  6:21  Mutalisk  
  87  6:28  Drone x3  
  87  6:30  Extractor x2  
  87  6:32  Mutalisk  
  90  6:39  Drone x2  
  92  6:40  Mutalisk  
  92  6:46  Mutalisk  
  93  6:51  Drone x3  
  98  6:54  Mutalisk  
  98  6:55  Overlord  
  98  6:56  Overlord  
  100  7:04  Mutalisk  
  100  7:08  Drone x2, Overlord  
  104  7:11  Mutalisk  
  104  7:13  Mutalisk  
  108  7:16  Drone x2  
  108  7:19  Mutalisk  
  111  7:29  Drone x2  
  113  7:31  Zerg Flyer Weapons Level 2  
  113  7:33  Zergling x12  
  119  7:37  Mutalisk  
  121  7:46  Hatchery  
  121  7:49  Zergling x8  
  124  7:53  Overlord  
  124  7:54  Overlord  
  124  7:59  Overlord  
  124  8:05  Mutalisk x3  
  124  8:08  Mutalisk  
  124  8:09  Mutalisk  
  134  8:13  Overlord  
  134  8:16  Mutalisk  
  134  8:19  Mutalisk  
  134  8:25  Mutalisk  
  132  8:31  Mutalisk  
  126  8:34  Zergling x16  
  126  8:40  Drone x4  
  138  8:47  Mutalisk x2  
  142  8:53  Mutalisk  
  142  8:56  Zergling x6  
  142  9:00  Mutalisk  
  142  9:02  Overlord  
  141  9:03  Zergling x4  
  141  9:04  Extractor  
  141  9:06  Extractor  
  141  9:09  Mutalisk x2  
  133  9:12  Drone  
  133  9:13  Drone  
  133  9:14  Drone x2, Baneling Nest  
  134  9:18  Drone x2  
  129  9:26  Mutalisk x2  
  129  9:27  Zergling x2  
  129  9:28  Zergling x2  
  135  9:33  Mutalisk  
  135  9:35  Zergling x12  
  143  9:42  Mutalisk x2  
  143  9:45  Zergling x4  
  141  9:48  Mutalisk  
  141  9:50  Zergling x6  
  133  9:54  Zergling x2  
  133  9:55  Zergling x2  
  133  9:58  Baneling Nest  
  129  10:00  Mutalisk x2  
  129  10:05  Zergling x2  
  129  10:06  Zergling x6  
  136  10:09  Drone  
  136  10:13  Mutalisk x2  
  136  10:16  Zergling x2  
  136  10:17  Zergling x6  
  136  10:20  Drone  
  141  10:21  Zerg Flyer Armor Level 1  
  138  10:36  Centrifical Hooks  
  138  10:42  Zergling x20  
  148  10:47  Overlord x2  
  148  10:48  Pneumatized Carapace, Overlord  
  148  10:52  Spine Crawler, Drone  
  148  10:54  Drone x2  
  148  10:55  Drone  
  151  11:01  Baneling  
  151  11:02  Baneling x8  
  151  11:05  Baneling  
  151  11:06  Baneling x8  
  151  11:07  Baneling x2  
  151  11:09  Zergling x2  
  146  11:28  Zergling x28  
  152  11:33  Infestation Pit  
  136  11:43  Zerg Missile Weapons Level 1  
  136  11:44  Hydralisk Den  
  134  11:50  Overseer, Roach x9  
  134  11:51  Overseer  
  152  11:59  Overseer  
  152  12:00  Overseer  
  152  12:03  Baneling x13  
  152  12:06  Baneling x6  
  152  12:11  Hive  
  152  12:13  Grooved Spines, Drone  
  152  12:14  Lurker Den  
  152  12:16  Overseer  
  152  12:22  Hatchery  
  142  12:39  Hydralisk x8  
  158  12:48  Baneling x14  
  158  12:50  Drone x2  
  160  12:54  Hydralisk  
  160  12:55  Hydralisk  
  164  13:12  Hydralisk  
  164  13:13  Hydralisk x5  
  164  13:18  Hydralisk x3  
  181  13:24  Hydralisk  
  181  13:25  Hydralisk x2, Muscular Augments  
  181  13:31  Lurker x4  
  185  13:40  Seismic Spines  
  185  13:47  Hatchery, Zerg Missile Weapons Level 2  
  184  14:03  Hydralisk x8  
  200  14:11  Baneling x7  
  199  14:25  Zerg Ground Armor Level 1  
  199  14:37  Adaptive Talons, Hydralisk x2  
  198  14:49  Hydralisk  
  200  14:56  Hydralisk x5  
  184  15:09  Hydralisk x11  
  184  15:11  Hydralisk  
  184  15:13  Overlord x2  
  178  15:20  Drone  
  178  15:21  Drone x2  
  181  15:22  Roach x3, Overlord  
  181  15:23  Overlord x2  
  187  15:29  Overseer  
  187  15:32  Overseer, Roach x7  
  188  15:36  Lurker  
  189  15:43  Extractor  
  189  15:45  Roach  
  189  15:46  Roach  
  189  15:48  Lurker x2  
  173  15:51  Overseer  
  173  15:54  Overseer x2  
  128  16:06  Roach  
  128  16:07  Roach x10  
  134  16:15  Roach x4  
  138  16:19  Overseer  
  138  16:20  Drone  
  133  16:33  Roach  
  133  16:34  Roach x6  
  133  16:39  Overseer x2  
  123  16:41  Roach  
  123  16:42  Roach x3  
  112  16:47  Roach x3  
  112  16:52  Roach  
  112  16:53  Roach  
  112  16:58  Roach x3  
  112  17:00  Roach  
  113  17:10  Hydralisk  
  113  17:11  Hydralisk  
  113  17:14  Spawning Pool  

Tags
 
Add a new tag
Caveats
  • Supply blocks, unpowered buildings, or Contaminate may cause inaccurate times.
  • Supply counts are checked every 10 seconds.